 Dungeon Crawl Stone Soup version 0.20.0-15-g7f486f2 (webtiles) character file.

92 robba the Ruffian (level 4, 0/44 HPs)
             Began as a Troll Berserker on June 30, 2017.
             Was a Believer of Trog.
             Slain by a gnoll
             ... wielding a +0 halberd
              (5 damage)
             ... on level 2 of the Dungeon.
             The game lasted 00:05:29 (1133 turns).

robba the Ruffian (Troll Berserker)                 Turns: 1133, Time: 00:05:30

Health: 0/44       AC:  5    Str: 27    XL:     4   Next: 35%
Magic:  3/3        EV: 10    Int:  3    God:    Trog [**....]
Gold:   63         SH:  0    Dex: 10    Spells: 3/3 levels left

rFire    . . .     SeeInvis .     - Unarmed
rCold    . . .     Gourm    +   (no shield)
rNeg     . . .     Faith    .   a - +0 animal skin
rPois    .         Spirit   .   (helmet restricted)
rElec    .         Reflect  .   (no cloak)
rCorr    .         Harm     .   (gloves unavailable)
MR       .....                  (boots unavailable)
Stlth    +.........             (no amulet)
Regen    0.6/turn               f - +2 ring of strength
MPRegen  0.1/turn               (no ring)

@: no status effects
A: unfitting armour, claws 3, fast metabolism 3, gourmand, regeneration 1,
shaggy fur 1, tough skin 2
a: Berserk, Trog's Hand, Burn Spellbooks, Renounce Religion


You were on level 2 of the Dungeon.
You worshipped Trog.
Trog was pleased with you.
You were very full.

You visited 1 branch of the dungeon, and saw 2 of its levels.

You collected 63 gold pieces.

Inventory:

Missiles
 c - 13 poisoned needles
 g - 23 stones (quivered)
Armour
 a - a +0 animal skin (worn)
Jewellery
 f - a +2 ring of strength (left claw)
Scrolls
 d - a scroll of amnesia {unknown}
 i - a scroll of remove curse {unknown}
 k - a scroll of enchant armour {unknown}
Potions
 e - 3 potions of heal wounds
 h - a potion of brilliance {unknown}
 j - a potion of degeneration {unknown}
Comestibles
 b - 3 bread rations


   Skills:
 + Level 2.8 Fighting
 + Level 3.2 Dodging
 + Level 4.0 Unarmed Combat


You had 3 spell levels left.
You didn't know any spells.

Dungeon Overview and Level Annotations

Branches:
Dungeon (2/15)

Altars:
Ashenzari


Innate Abilities, Weirdness & Mutations

You are too large for most types of armour.
You have claws for hands.
Your metabolism is lightning-fast.
You like to eat raw meat.
Your natural rate of healing is unusually fast.
You are covered in fur. (AC +1)
You have very tough skin. (AC +2)


Message History

The gnoll closely misses you. The gnoll hits you with a whip.
You see here a gnoll corpse.
The gnoll hits you but does no damage.
The gnoll hits you from afar with a halberd!
The gnoll misses you.
You completely miss the gnoll. The gnoll misses you.
The gnoll hits you from afar with a halberd.
You scratch the gnoll.
The gnoll is heavily wounded.
The gnoll barely misses you.
You claw the gnoll!
You kill the gnoll!
Trog accepts your kill.
Your Unarmed Combat skill increases to level 4!
The gnoll hits you from afar with a halberd!
* * * LOW HITPOINT WARNING * * *
The gnoll hits you from afar with a halberd.
* * * LOW HITPOINT WARNING * * *
The gnoll hits you with a halberd.
You die...

############ #..........#
### #.....†#g....#..
#......#.....#.. ##
#......##...##..
####.####.......#g..#...
#......@gg..)...##g##..)
#......######....#g#....
.............###.####'.##
.#......#......###...###.
#.#.............#._.#...
.. #...........###...###.
. ....<......###.#####.##
#.....##..###....#.#....
#.#.#. #........##.##...


You could see 2 gnolls.

Vanquished Creatures
  2 adders (D:2)
  2 gnolls (D:2)
  An ooze (D:1)
  2 dart slugs (D:1)
  A leopard gecko (D:1)
  6 bats
  4 giant cockroaches (D:1)
  7 goblins
  6 hobgoblins
  2 frilled lizards (D:1)
  8 kobolds
  2 rats (D:1)
43 creatures vanquished.

Notes
Turn   | Place    | Note
-------+----------+-------------------------------------------
     0 | D:1      | robba the Troll Berserker began the quest for the Orb.
     0 | D:1      | Reached XP level 1. HP: 22/22 MP: 0/0
   225 | D:1      | Reached XP level 2. HP: 26/29 MP: 1/1
   473 | D:1      | Reached XP level 3. HP: 36/36 MP: 2/2
   517 | D:1      | Reached ** piety under Trog
  1003 | D:2      | Found a shattered altar of Ashenzari.
  1041 | D:2      | Reached XP level 4. HP: 44/44 MP: 3/3
  1132 | D:2      | Reached skill level 4 in Unarmed Combat
  1133 | D:2      | Slain by a gnoll

Skill      XL: |  1  2  3  4 |
---------------+-------------+-----
Dodging        | 3 |  3.2
Unarmed Combat | 4 |  4.0
Fighting       | |  2.8

Action                   |  1- 3 |  4- 6 || total
-------------------------+-------+-------++-------
Melee: Unarmed           |   113 |    10 ||   123
       Punch             |     2 |       ||     2
  Use: Potion            |       |     1 ||     1
  Eat: Chunk             |    14 |       ||    14
Armor: Animal skin       |    45 |     4 ||    49
Dodge: Dodged            |    63 |     7 ||    70
